 Dungeon Crawl Stone Soup version 0.30.1-11-g7821555f0a (webtiles) character file.

Game seed: 4079201144338793896

6 Chiseanne the Digger (level 1, 0/15 HPs)
             Began as a Demonspawn Wanderer on Nov 17, 2023.
             Slain by an adder (3 damage)
             ... on level 2 of the Dungeon.
             The game lasted 00:01:25 (512 turns).

Chiseanne the Digger (Demonspawn Wanderer)           Turns: 512, Time: 00:01:26

Health: 0/15       AC:  2    Str: 11    XL:     1   Next: 75%
Magic:  1/2        EV: 11    Int: 16    God:
Gold:   29         SH:  0    Dex: 10    Spells: 1/2 levels left

rFire   . . .        a - +0 short sword
rCold   . . .        (no shield)
rNeg    . . .        d - +0 robe
rPois   .            (no helmet)
rElec   .            (no cloak)
rCorr   .            (no gloves)
SInv    .            (no boots)
Will    .....        (no amulet)
Stlth   +            (no ring)
HPRegen 0.22/turn    (no ring)
MPRegen 0.08/turn

%: no passive effects
@: lethally poisoned (0 -> -1)
A: no striking features
a: no special abilities


You were on level 2 of the Dungeon.
You visited 1 branch of the dungeon, and saw 2 of its levels.

You collected 29 gold pieces.

Inventory:

Hand Weapons
 a - a +0 short sword (weapon)
Missiles
 b - 2 poisoned darts (quivered)
 f - 2 javelins
Armour
 d - a +0 robe (worn)
Scrolls
 c - 2 scrolls of teleportation
 e - 3 scrolls of immolation {unknown}
 g - a scroll of identify {unknown}
 h - 2 scrolls of brand weapon {unknown}
 i - a scroll of enchant armour {unknown}
Potions
 j - a potion of invisibility {unknown}
 k - a potion of flight {unknown}


   Skills:
 * Level 1.2 Fighting
 - Level 1.7 Throwing
 - Level 1.0 Armour
 * Level 0.3 Dodging
 - Level 1.0 Stealth
 * Level 1.2 Spellcasting
 * Level 1.2 Conjurations
 - Level 2.6 Earth Magic


You had one spell level left.
You knew the following spells:

 Your Spells              Type           Power      Damage    Failure   Level
a - Magic Dart            Conj           16%        1d3       14%         1

Your spell library contained the following spells:

 Spells                   Type           Power      Damage    Failure   Level
 Sandblast                Erth           18%        2d7       8%          1
 Mephitic Cloud           Conj/Pois/Air  2%         N/A       50%         3
 Leda's Liquefaction      Hex/Erth       2%         N/A       78%         4
 Petrify                  Tmut/Erth      5%         N/A       78%         4


Dungeon Overview and Level Annotations

Branches:
Dungeon (1/15)

Altars:


Message History

Your magical contamination has completely faded away.
Throw: 3 darts (poison)
Press: ? - help, Q - select action, (/) - cycle Shift-Dir - straight line, f/p - adder
Aim: an adder (32% to hit)
You throw a poisoned dart.
The poisoned dart barely misses the adder.
The adder bites you.
You hit the adder.
The adder is lightly wounded.
The adder bites you.
You closely miss the adder.
The adder is lightly wounded.
The adder misses you. x2
You miss the adder.
The adder is lightly wounded.
The adder bites you.
You barely miss the adder.
The adder is lightly wounded.
The adder bites you but does no damage.
You completely miss the adder.
The adder is lightly wounded.
The adder barely misses you. The adder bites you.
You are poisoned.
The adder poisons you!
You closely miss the adder.
The adder is lightly wounded.
You feel sick. The adder barely misses you.
You closely miss the adder.
The adder is lightly wounded.
You feel sick. The adder bites you.
You hit the adder.
The adder is moderately wounded.
You feel sick. The adder misses you. The adder barely misses you.
You closely miss the adder.
The adder is moderately wounded.
You feel sick. The adder bites you but does no damage.
You closely miss the adder.
The adder is moderately wounded.
You feel sick. The adder bites you.
You die...

###...## #(#
#...# ##.## ##.##
##[..# #.# ....
##########.# #...
#........#.# #..#
#.###......#
#.S###.###.##.###
#.@........##.#
##.###.######.#
#.# #........#
... ##########
##.#. #.#.# #.# #
... #.. #


You could see an adder.

Vanquished Creatures
  A goblin (D:2)
  A hobgoblin (D:2)
  2 kobolds (D:2)
  A ball python (D:1)
5 creatures vanquished.

Notes
Turn   | Place    | Note
-------+----------+-------------------------------------------
     0 | D:1      | Chiseanne the Demonspawn Wanderer began the quest for the
                  | Orb.
     0 | D:1      | Chiseanne set off with the following items: a +0 dagger, 10
                  | poisoned darts, a scroll of teleportation, a +0 robe; and
                  | the following spells available to memorise: Sandblast,
                  | Magic Dart, Mephitic Cloud, Leda's Liquefaction, Petrify.
     0 | D:1      | Reached XP level 1. HP: 15/15 MP: 2/2
   107 | D:1      | You fall into a shaft and drop 1 floor!
   262 | D:2      | Learned a level 1 spell: Magic Dart
   512 | D:2      | Slain by an adder

Illustrated notes

Levels and vault maps discovered:
D:1:      amcnicky_arrival_abandoned_market, layout_basic, serial_shops,
          nicolae_shop_peninsula, shop, shop, nicolae_shop_just_a_little_nook
D:2:      minmay_diamond_boxcup, layout_loops_corners

Action                     || total
---------------------------++-------
  Melee: Dagger            ||    15
         Short sword       ||    10
  Throw: Dart              ||    13
   Cast: Magic Dart        ||     4
    Use: Potion            ||     1
 Armour: Robe              ||     4
  Dodge: Dodged            ||    12
